 Dungeon Crawl Stone Soup version 0.24.0-123-gd5b16e6ec5 (webtiles) character file.

Game seed: 11523682385375942065, levelgen mode: deterministic

89 Hasart the Chiller (level 4, -5/30 HPs)
             Began as a Vampire Ice Elementalist on Jan 14, 2020.
             Slain by an ogre
             ... wielding a +0 giant club
              (12 damage)
             ... on level 3 of the Dungeon.
             The game lasted 00:06:21 (2080 turns).

Hasart the Chiller (Vampire Ice Elementalist)       Turns: 2080, Time: 00:06:21

Health: -5/30      AC:  2    Str:  7    XL:     4   Next: 31%
Magic:  4/8        EV: 13    Int: 18    God:
Gold:   138        SH:  0    Dex: 14    Spells: 7/8 levels left

rFire    . . .     SeeInvis +   c - +0 dagger
rCold    . . .     Gourm    .   (no shield)
rNeg     . . .     Faith    .   a - +0 robe
rPois    .         Spirit   .   (no helmet)
rElec    .         Reflect  .   (no cloak)
rCorr    .         Harm     .   (no gloves)
MR       .....                  (no boots)
Stlth    ++........             (no amulet)
HPRegen  0.30/turn              (no ring)
MPRegen  0.11/turn              (no ring)

@: regenerating quickly
A: no food, fangs 3, see invisible, unbreathing
a: Exsanguinate


You were on level 3 of the Dungeon.
You were alive.

You visited 1 branch of the dungeon, and saw 3 of its levels.

You collected 138 gold pieces.

Inventory:

Hand Weapons
 c - a +0 dagger (weapon)
Armour
 a - a +0 robe (worn)
Jewellery
 i - an uncursed ring of stealth {unknown}
Wands
 k - a wand of clouds (6)
Scrolls
 b - a scroll of enchant weapon {unknown}
 d - 2 scrolls of enchant armour {unknown}
 e - 3 scrolls of identify {unknown}
 g - 2 scrolls of fog {unknown}
 h - a scroll of blinking {unknown}
Potions
 f - a potion of haste {unknown}
 j - a potion of flight {unknown}


   Skills:
 + Level 3.1 Dodging
 - Level 3.0 Stealth
 + Level 2.7 Spellcasting
   Level 0.6 Conjurations
 * Level 4.2 Ice Magic


You had 7 spell levels left.
You knew the following spells:

 Your Spells              Type           Power        Failure   Level  Hunger
a - Freeze                Ice            ###.         3%          1    N/A

Your spell library contained the following spells:

 Spells                   Type           Power        Failure   Level  Hunger
 Throw Frost              Conj/Ice       ##....       10%         2    N/A
 Ozocubu's Armour         Chrm/Ice       ##......     22%         3    N/A
 Throw Icicle             Conj/Ice       ##......     52%         4    N/A
 Summon Ice Beast         Ice/Summ       ##......     56%         4    N/A

Dungeon Overview and Level Annotations

Branches:
Dungeon (3/15)

Altars:


Innate Abilities, Weirdness & Mutations

You do not eat.
Your natural rate of healing is unusually fast.
You have razor-sharp teeth.
You have supernaturally acute eyesight. (SInv)
You can survive without breathing.


Message History

The ogre is lightly wounded.
The ogre hits you with a +0 giant club!!
Ouch! That really hurt!
* * * LOW HITPOINT WARNING * * *
Casting: Freeze (safe; 3% risk of failure)
Confirm with . or Enter, or press ? or * to list all spells.
Aiming: Freeze (safe; 3% risk of failure)
Press: ? - help, Shift-Dir - straight line, f/p - ogre
Aim: an ogre, wielding a +0 giant club (lightly wounded)
You freeze the ogre.
The ogre is lightly wounded.
Casting: Freeze (safe; 3% risk of failure)
Confirm with . or Enter, or press ? or * to list all spells.
Aiming: Freeze (safe; 3% risk of failure)
Press: ? - help, Shift-Dir - straight line, f/p - ogre
Aim: an ogre, wielding a +0 giant club (lightly wounded)
You freeze the ogre.
The ogre is lightly wounded.
The ogre hits you with a +0 giant club!
You die...

##### #.........#.....#
#...###...............# #
#.....................###.#
#....####.................#
#....# #..................
###.## #####+#.....).####
#.# #.###.....# #.#
#O###+###.# #.# #@##...##.#
#.# ###.##.....)# #.#
#...........#
#.#########.#.........#
#.#.......#.#....#....
#.#.#####.#.#.##.# ..
#.#<#...#.#.#.##<#
#<#.##..#.#.#.##.#
#.......#...#.##.#


You could see an ogre.

Vanquished Creatures
  3 adders (D:2)
  An ooze (D:3)
  2 worms
  2 dart slugs
  A leopard gecko (D:1)
  A ball python (D:2)
  4 bats
  A giant cockroach (D:1)
  7 goblins
  5 hobgoblins
  5 jackals (D:1)
  8 kobolds
  A quokka (D:3)
  A frilled lizard (D:3)
  3 rats
45 creatures vanquished.

Notes
Turn   | Place    | Note
-------+----------+-------------------------------------------
     0 | D:1      | Hasart the Vampire Ice Elementalist began the quest for the
                  | Orb.
     0 | D:1      | Reached XP level 1. HP: 13/13 MP: 3/3
   280 | D:1      | Reached XP level 2. HP: 19/19 MP: 1/5
   840 | D:1      | Reached XP level 3. HP: 21/24 MP: 1/6
  1496 | D:2      | Reached skill level 4 in Ice Magic
  1671 | D:2      | Reached XP level 4. HP: 24/30 MP: 4/7
  2069 | D:3      | Noticed an ogre
  2080 | D:3      | Slain by an ogre

Levels and vault maps discovered:
D:1:      dpeg_arrival_chase, layout_basic, minmay_split_cup_large
D:2:      layout_rooms, first_ration
D:3:      layout_basic

Skill      XL: |  1  2  3 |
---------------+----------+-----
Ice Magic      | 4 |  4.2
Dodging        | 3 |  3.1
Stealth        | |  3.0
Spellcasting   | |  2.7
Conjurations   | |  0.6

Action                   |  1- 3 |  4- 6 || total
-------------------------+-------+-------++-------
Melee: Dagger            |    41 |     2 ||    43
       Unarmed           |     1 |       ||     1
       Bite              |     3 |     1 ||     4
 Cast: Freeze            |    45 |    22 ||    67
 Stab: Sleeping          |     2 |       ||     2
Armor: Robe              |    14 |     3 ||    17
Dodge: Dodged            |    64 |     6 ||    70
